 Dungeon Crawl Stone Soup version 0.22.1-1-ga44c0e5 (webtiles) character file.

55 Fang the Skirmisher (level 3, -1/24 HPs)
             Began as a Gargoyle Berserker on Oct 23, 2018.
             Was a Follower of Trog.
             Slain by a hobgoblin (2 damage)
             ... on level 2 of the Dungeon.
             The game lasted 00:00:45 (743 turns).

Fang the Skirmisher (Gargoyle Berserker)             Turns: 743, Time: 00:00:45

Health: -1/24      AC:  1    Str: 21    XL:     3   Next: 93%
Magic:  3/3        EV: 12    Int:  7    God:    Trog [*.....]
Gold:   56         SH:  0    Dex:  9    Spells: 2/2 levels left

rFire    . . .     SeeInvis .   a - +0 hand axe
rCold    . . .     Gourm    .   (no shield)
rNeg     + . .     Faith    .   b - +0 animal skin
rPois    ∞         Spirit   .   (no helmet)
rElec    +         Reflect  .   (no cloak)
rCorr    .         Harm     .   (no gloves)
MR       .....                  (no boots)
Stlth    +.........             (no amulet)
HPRegen  0.08/turn              (no ring)
MPRegen  0.08/turn              (no ring)

@: corroded, berserk cooldown, slowed, very slow
A: negative energy resistance 1, electricity resistance, unbreathing,
petrification resistance, rot immunity, AC +3
a: Berserk, Renounce Religion


You were on level 2 of the Dungeon.
You worshipped Trog.
Trog was aware of your devotion.
You were very hungry.

You visited 1 branch of the dungeon, and saw 2 of its levels.

You collected 56 gold pieces.

Inventory:

Hand Weapons
 a - a +0 hand axe (weapon)
Armour
 b - a +0 animal skin (worn)
Scrolls
 d - a scroll of enchant armour {unknown}
 e - a scroll of amnesia {unknown}
 f - 3 scrolls of remove curse {unknown}
 g - a scroll of magic mapping {unknown}
 h - a scroll of teleportation {unknown}
Potions
 i - a potion of flight {unknown}
 j - a potion of invisibility {unknown}
Comestibles
 c - 4 rations


   Skills:
 + Level 3.9 Fighting
 + Level 3.5 Axes
 + Level 2.4 Armour
 + Level 1.9 Dodging


You had 2 spell levels left.
You didn't know any spells.
Your spell library was empty.

Dungeon Overview and Level Annotations

Branches:
Dungeon (2/15)

Altars:

Portals:
Abyss: D:1***


Innate Abilities, Weirdness & Mutations

You are resistant to torment.
Your stone body is resilient. (AC +3)
You are immune to poison.
You resist negative energy. (rN+)
You are resistant to electric shocks. (rElec)
You can survive without breathing.
You are immune to petrification.
You are immune to rotting.


Message History

You are too injured to fight recklessly!
Unknown command.
You are too injured to fight recklessly!
You barely miss the hobgoblin.
The hobgoblin is severely wounded.
You barely miss the rat. You closely miss the kobold. You hit the hobgoblin.
The rat closely misses you. The hobgoblin hits you.
* * * LOW HITPOINT WARNING * * *
The kobold barely misses you. The hobgoblin barely misses you.
The rat bites you.
* * * LOW HITPOINT WARNING * * *
The hobgoblin barely misses you. The kobold misses you.
You hit the hobgoblin but do no damage.
The hobgoblin is severely wounded.
You hit the hobgoblin but do no damage. You hit the kobold. You hit the rat.
A frilled lizard comes into view.
The hobgoblin closely misses you. The rat bites you.
* * * LOW HITPOINT WARNING * * *
The hobgoblin hits you.
You die...

#. .. ...#.
######
..#.###...l
>........
#......#
##.....#
#..rgg.#
#.K@..####
#.##.....#
#.##....##
#....####
####...#
#.#.#######
#.........#
#########.#
##[..#.#


You could see 2 hobgoblins, a kobold, a frilled lizard (wandering) and a rat.

Vanquished Creatures
  A jelly (D:2)
  A gnoll (D:1)
  A dart slug (D:1)
  A goblin (D:1)
  3 hobgoblins (D:1)
  2 bats (D:1)
  A frilled lizard (D:1)
  3 kobolds (D:1)
  3 rats (D:1)
16 creatures vanquished.

Notes
Turn   | Place    | Note
-------+----------+-------------------------------------------
     0 | D:1      | Fang the Gargoyle Berserker began the quest for the Orb.
     0 | D:1      | Reached XP level 1. HP: 14/14 MP: 1/1
   292 | D:1      | Reached XP level 2. HP: 11/19 MP: 2/2
   573 | D:1      | Reached XP level 3. HP: 22/24 MP: 3/3
   743 | D:2      | HP: 1/24 [rat (2)]
   743 | D:2      | Slain by a hobgoblin

Skill      XL: |  1  2 |
---------------+-------+-----
Axes           | 3 |  3.5
Fighting       | |  3.9
Armour         | |  2.4
Dodging        | |  1.9

Action                   || total
-------------------------++-------
Melee: Hand axe          ||    43
Invok: Berserk           ||     2
Armor: Animal skin       ||    11
Dodge: Dodged            ||    44
